 Dungeon Crawl Stone Soup version 0.26.1-11-gd32895ea62 (webtiles) character file.

Game seed: 7759267647108212904

75968 SeriousMike the Unseen (level 14, -2/103 HPs)
             Began as a Demigod Enchanter on July 12, 2021.
             Slain by a jumping spider (6 damage)
             ... on level 1 of the Spider Nest on July 13, 2021.
             The game lasted 02:12:07 (27984 turns).

SeriousMike the Unseen (Demigod Enchanter)         Turns: 27984, Time: 02:12:08

Health: -2/103     AC: 16    Str: 15      XL:     14   Next: 69%
Magic:  4/26       EV:  9    Int: 32 (33) God:
Gold:   1138       SH:  0    Dex: 20      Spells: 3/23 levels left

rFire    + + .     SeeInvis .   l - +5 rapier of the Little People {freeze, Str+2}
rCold    . . .     Faith    .   u - +3 buckler {AC+3}
rNeg     + + +     Spirit   .   F - +0 steam dragon scales
rPois    +         Reflect  .   A - +2 helmet
rElec    .         Harm     .   p - +2 cloak of the Ecumenical Temple {rF++ Dex+3}
rCorr    .         Rampage  .   g - +0 pair of gloves
Will     +....                  d - +0 pair of boots {run}
Stlth    ++++++....             s - amulet of Exhibitionism {Acrobat *Drain rN+++ Int+4 Dex-3}
HPRegen  0.27/turn              I - +6 ring of intelligence
MPRegen  0.20/turn              t - ring of Xiesh {rPois Str+2}

@: held, quick
A: high mp 1
a: no special abilities


You were on level 1 of the Spider Nest.
You visited 4 branches of the dungeon, and saw 23 of its levels.
You also visited: Ossuary, Gauntlet and Volcano.

You collected 2423 gold pieces.
You spent 1285 gold pieces at shops.

Inventory:

Hand Weapons
 a - a +2 dagger of draining
 l - the +5 rapier of the Little People (weapon) {freeze, Str+2}
   (You found it on level 5 of the Lair of Beasts)

   It has been specially enchanted to freeze those struck by it, causing extra
   injury to most foes and up to half again as much damage against particularly
   susceptible opponents.
   It can also slow down cold-blooded creatures.
   It affects your strength (+2).
Missiles
 w - 109 poisoned darts (quivered)
 E - a throwing net
 K - 16 silver javelins
Armour
 d - a +0 pair of boots of running (worn)
 g - a +0 pair of gloves (worn)
 p - the +2 cloak of the Ecumenical Temple (worn) {rF++ Dex+3}
   (You bought it in a shop on level 4 of the Dungeon)

   It affects your dexterity (+3).
   It greatly protects you from fire.
 u - a +3 buckler of protection (worn)
 A - a +2 helmet (worn)
 F - +0 steam dragon scales (worn)
 U - a +2 robe of cold resistance
Jewellery
 h - a +4 ring of evasion
 m - an uncursed ring of see invisible
 r - an uncursed ring of protection from fire
 s - the amulet of Exhibitionism (around neck) {Acrobat *Drain rN+++ Int+4 Dex-3}
   (You acquired it on level 2 of the Lair of Beasts)

   [amulet of the acrobat]

   It helps you evade while moving and waiting.
   It affects your intelligence (+4).
   It affects your dexterity (-3).
   It renders you almost immune to negative energy.
   It causes draining when unequipped.
 t - the ring of Xiesh (right hand) {rPois Str+2}
   (You found it on level 1 of the Spider Nest)

   [ring of poison resistance]

   It affects your strength (+2).
   It protects you from poison.
 I - a +6 ring of intelligence (left hand)
 J - an uncursed ring of resist corrosion
 L - a +4 ring of protection
 N - an uncursed ring of willpower
 X - an uncursed ring of ice
Wands
 k - a wand of iceblast (14)
 M - a wand of enslavement (7)
 P - a wand of paralysis (20)
 S - a wand of acid (5)
 W - a wand of flame (13)
Scrolls
 j - 8 scrolls of teleportation
 n - 3 scrolls of blinking
 o - 4 scrolls of immolation
 y - 6 scrolls of fog
 B - a scroll of torment
 C - 4 scrolls of remove curse
 Q - a scroll of enchant armour
 T - a scroll of amnesia
 Z - a scroll of summoning
Potions
 b - 2 potions of cancellation {unknown}
 c - 2 potions of haste
 e - 3 potions of heal wounds
 f - 4 potions of might
 i - a potion of resistance {unknown}
 q - 4 potions of magic
 v - 5 potions of lignification
 x - 4 potions of mutation
 z - 6 potions of curing
 D - 5 potions of attraction
 G - 4 potions of berserk rage
 H - 5 potions of flight
 R - a potion of invisibility {unknown}
 Y - 7 potions of ambrosia
Miscellaneous
 V - a lightning rod (4/4)


   Skills:
 + Level 3.9 Fighting
 * Level 11.0 Short Blades
 + Level 1.7 Throwing
 + Level 6.0 Dodging
 + Level 15.1 Stealth
 + Level 4.3 Shields
 + Level 5.4 Spellcasting
 * Level 6.0 Conjurations
 - Level 12.0 Hexes
 * Level 2.7 Transmutations
 - Level 4.0 Ice Magic
 + Level 0.9 Evocations


You had 3 spell levels left.
You knew the following spells:

 Your Spells              Type           Power        Failure   Level
a - Corona                Hex            80%          1%          1
b - Ensorcelled Hibernat  Hex/Ice        100%         1%          2
c - Dazzling Flash        Conj/Hex       100%         1%          3
d - Tukima's Dance        Hex            72%          1%          3
e - Slow                  Hex            72%          1%          2
f - Confusing Touch       Hex            72%          1%          3
g - Irradiate             Conj/Tmut      18%          22%         5
h - Apportation           Tloc           16%          4%          1

Your spell library contained the following spells:

 Spells                   Type           Power        Failure   Level
 Foxfire                  Conj/Fire      100%         1%          1
 Magic Dart               Conj           100%         1%          1
 Shock                    Conj/Air       100%         1%          1
 Inner Flame              Hex/Fire       47%          1%          3
 Portal Projectile        Hex/Tloc       94%          1%          3
 Summon Guardian Golem    Hex/Summ       47%          1%          3
 Animate Skeleton         Necr           16%          4%          1
 Summon Small Mammal      Summ           32%          4%          1
 Conjure Flame            Conj/Fire      28%          4%          3
 Mephitic Cloud           Conj/Pois/Air  21%          6%          3
 Blink                    Tloc           N/A          8%          2
 Call Imp                 Summ           8%           8%          2
 Call Canine Familiar     Summ           8%           14%         3
 Leda's Liquefaction      Hex/Erth       23%          4%          4
 Hailstorm                Conj/Ice       40%          6%          4
 Iskenderun's Battlesphe  Conj           47%          12%         5
 Silence                  Hex/Air        23%          12%         5
 Sticky Flame             Conj/Fire      28%          14%         4
 Summon Ice Beast         Ice/Summ       21%          22%         4
 Petrify                  Tmut/Erth      17%          28%         4
 Fireball                 Conj/Fire      14%          36%         5
 Lightning Bolt           Conj/Air       14%          36%         5
 Summon Lightning Spire   Summ/Air       8%           43%         4
 Bolt of Magma            Conj/Fire/Erth 10%          52%         5
 Borgnjor's Vile Clutch   Necr/Erth      4%           80%         5
 Iron Shot                Conj/Erth      14%          91%         6
 Orb of Destruction       Conj           23%          98%         7
 Eringya's Noxious Bog    Tmut/Pois      8%           99%         6
 Statue Form              Tmut/Erth      11%          99%         6
 Shadow Creatures         Summ           N/A          100%        6
 Spellforged Servitor     Conj/Summ      14%          100%        7
 Shatter                  Erth           4%           100%        9


Dungeon Overview and Level Annotations

Branches:
Dungeon (14/15)            Temple (0/1) D:5            Lair (6/6) D:10
 Shoals (0/4) Lair:3       Spider (1/4) Lair:3        Slime (0/5) Lair:6
    Orc (2/2) D:9         Ossuary (visited)         Volcano (visited)
Gauntlet (visited)
    Elf: Orc:2       Vaults: D:13-14

Shops:
D:4 [   D:9 ([

Annotations:
D:10 3 runed translucent doors, exclusion: 3 doors, dannygr's ghost, journeyman MiBe; tamionv's ghost, journeyman MfFi; tamionv's ghost, journeyman MiFi
D:14 Agnes
Lair:6 Josephine


Innate Abilities, Weirdness & Mutations

You have an increased reservoir of magic. (+10% MP)


Message History

Press: ? - help, Shift-Dir - straight line, f/p - jumping spider
Aim: a jumping spider (chance to affect: 72%)
The jumping spider struggles to resist.
You block the jumping spider's attack. The jumping spider closely misses you.
The jumping spider pounces on you.
* * * LOW HITPOINT WARNING * * *
The jumping spider barely misses you.
Casting: Ensorcelled Hibernation (safe; 1% risk of failure)
Confirm with . or Enter, or press ? or * to list all spells.
Aiming: Ensorcelled Hibernation (safe; 1% risk of failure)
Press: ? - help, Shift-Dir - straight line, f/p - jumping spider
Aim: a jumping spider (chance to affect: 72%)
The jumping spider struggles to resist.
The jumping spider pounces on you!
* * * LOW HITPOINT WARNING * * *
You are caught in a web!
The jumping spider bites you but does no damage.
You struggle to detach yourself from the web.
The jumping spider pounces on you but does no damage.
The jumping spider bites you but does no damage.
The jumping spider barely misses you. The jumping spider bites you.
You die...

#......#....#.##
##
###............##
.###
#..............#
...#
##.#.##.......#
..##
#####.......##
...# #......##
...# ###...#####
..## #..s....##
.## ##..@....####
## ###........#
####.....#
###†..# ###..#
###....#
##......#
#.......#
#....s###


You could see a jumping spider.

Vanquished Creatures
  Frances (Spider:1)
  A stone giant (Orc:1)
  A minotaur (Gauntlet)
  The ghost of Zomocvol the Severer, a journeyman HOBe of Trog (Lair:1)
  A death ooze (Gauntlet)
  An ettin (Orc:1)
  An ogre mage (Volcano)
  Fannar (Lair:2)
  4 hydras
  An ice dragon (Lair:4)
  Erica (D:8)
  2 boulder beetles
  5 two-headed ogres
  A hell knight (Volcano)
  Urug (Lair:4)
  An unseen horror (D:11)
  2 orc knights (Orc:1)
  A wolf spider zombie (D:13)
  An orb spider (Lair:3)
  4 wolf spiders (Spider:1)
  5 ugly things
  A cyclops (D:12)
  A manticore (D:11)
  A moth of wrath (Spider:1)
  6 elephants (Lair:4)
  A torpor snail (Lair:6)
  A rust devil (Gauntlet)
  2 molten gargoyles (Volcano)
  9 black mambas
  Maggie (D:6)
  3 gargoyles
  12 cane toads
  3 rime drakes
  A kobold demonologist (D:12)
  3 komodo dragons
  A demonic crawler (Spider:1)
  2 jumping spiders (Spider:1)
  A queen bee (Orc:1)
  10 trolls
  3 polar bears
  5 hornets
  Grinder (D:6)
  15 blink frogs
  2 slime creatures (D:14)
  2 centaur simulacra (Gauntlet)
  A ynoxinul (Gauntlet)
  3 tarantellas (Spider:1)
  2 shadows (D:11)
  2 fire bats (Volcano)
  67 yaks
  Grum (D:8)
  6 redbacks
  4 wraiths
  21 wyverns
  5 basilisks
  A steam dragon (D:11)
  A vampire mosquito (D:14)
  2 soldier ants
  21 water moccasins
  4 ice beasts
  24 orc warriors
  A necrophage (D:13)
  6 ogres
  3 black bears
  A phantom (D:5)
  An eye of draining (D:13)
  8 wolves
  9 centaurs
  Blork the orc (D:5)
  19 bullfrogs
  A big kobold (D:13)
  A wyvern zombie (D:11)
  2 wyvern skeletons
  A hornet simulacrum (Gauntlet)
  A scorpion (D:7)
  35 killer bees
  12 wights
  An electric eel (Spider:1)
  A howler monkey (D:7)
  5 centaur zombies
  6 hounds
  4 lava snakes (Volcano)
  A quasit (D:9)
  3 bullfrog zombies
  2 jellies
  An iguana (D:9)
  14 orc priests
  15 orc wizards
  5 centaur skeletons
  2 iron imps (Gauntlet)
  2 hell rats (Lair:4)
  10 worker ants
  2 human simulacra (D:11)
  A hound zombie (D:5)
  3 hound skeletons
  A mummy (D:7)
  A worker ant zombie (D:8)
  14 adders
  17 gnolls
  6 river rats (Lair:4)
  2 shadow imps
  3 white imps
  2 adder zombies (Ossuary)
  An adder skeleton (D:9)
  4 worms
  2 dart slugs
  7 leopard geckos
  80 orcs
  11 giant cockroaches
  5 goblins
  8 hobgoblins
  21 jackals
  15 kobolds
  2 quokkas
  A ball python skeleton (Ossuary)
  5 bats
  6 frilled lizards
  A hobgoblin skeleton (Ossuary)
  2 kobold zombies (Ossuary)
  3 orc skeletons (Ossuary)
  A quokka skeleton (D:6)
  11 rats
701 creatures vanquished.

Vanquished Creatures (collateral kills)
  2 two-headed ogres (D:9)
  2 killer bees
  A shadow imp (D:9)
  An orc (D:9)
6 creatures vanquished.

Vanquished Creatures (others)
  A dancing weapon (D:9)
  An iguana (D:11)
  32 fungi
  102 plants
  3 withered plants (Gauntlet)
139 creatures vanquished.

Grand Total: 846 creatures vanquished

Notes
Turn   | Place    | Note
-------+----------+-------------------------------------------
     0 | D:1      | SeriousMike the Demigod Enchanter began the quest for the
                  | Orb.
     0 | D:1      | Reached XP level 1. HP: 14/14 MP: 5/5
   547 | D:1      | Reached XP level 2. HP: 20/20 MP: 7/7
   550 | D:1      | Learned a level 2 spell: Ensorcelled Hibernation
   584 | D:1      | Reached skill level 1 in Short Blades
  1169 | D:2      | Found an iron altar of Okawaru.
  1185 | D:2      | Reached skill level 3 in Stealth
  1198 | D:2      | Reached XP level 3. HP: 18/26 MP: 0/8
  1706 | D:2      | Reached XP level 4. HP: 32/33 MP: 9/9
  1830 | D:2      | Found a white marble altar of Elyvilon.
  1837 | D:2      | You fall into a shaft and drop 2 floors!
  1884 | D:4      | Found Guarruf's Armour Shop.
  1953 | D:4      | Found a blossoming altar of Fedhas.
  1954 | D:4      | Noticed a centaur
  2095 | D:4      | Reached XP level 5. HP: 38/38 MP: 8/11
  2104 | D:4      | Learned a level 3 spell: Confusing Touch
  2118 | D:4      | Killed a centaur
  2119 | D:4      | Reached skill level 4 in Stealth
  2119 | D:4      | Reached skill level 1 in Ice Magic
  2203 | D:4      | Found a burning altar of Makhleb.
  2209 | D:4      | Noticed a balrug
  2214 | D:4      | Found a glowing silver altar of Zin.
  2214 | D:4      | Noticed an angel
  2667 | D:3      | Found a broken altar of Ashenzari.
  2865 | D:2      | Found an ancient bone altar of Kikubaaqudgha.
  3266 | D:3      | Reached XP level 6. HP: 45/45 MP: 10/13
  3577 | D:3      | Learned a level 3 spell: Tukima's Dance
  3867 | D:3      | Found a hazy altar of Hepliaklqana.
  4142 | D:5      | Entered Level 5 of the Dungeon
  4293 | D:5      | Found a sparkling altar of Nemelex Xobeh.
  4296 | D:5      | Noticed Blork the orc
  4325 | D:5      | Killed Blork the orc
  4388 | D:5      | Found a staircase to the Ecumenical Temple.
  4679 | D:5      | Reached skill level 5 in Stealth
  4897 | D:5      | Reached XP level 7. HP: 50/50 MP: 11/15
  5502 | D:6      | Noticed Maggie
  5531 | D:6      | Killed Maggie
  5532 | D:6      | Reached skill level 6 in Stealth
  5532 | D:6      | Reached XP level 8. HP: 58/58 MP: 2/17
  5831 | D:6      | Noticed Grinder
  5857 | D:6      | Killed Grinder
  6285 | D:6      | You fall into a shaft and drop 2 floors!
  6369 | D:8      | Reached skill level 5 in Hexes
  6470 | D:8      | Learned a level 3 spell: Dazzling Flash
  6518 | D:7      | Noticed a troll
  6524 | D:7      | Killed a troll
  6673 | D:7      | Found a sand-covered staircase.
  6686 | Ossuary  | Entered an ossuary
  6917 | Ossuary  | Reached skill level 7 in Stealth
  7205 | Ossuary  | Reached skill level 1 in Fighting
  7205 | Ossuary  | Reached XP level 9. HP: 64/64 MP: 19/19
  7354 | D:6      | Reached skill level 5 in Short Blades
  8145 | D:7      | Reached skill level 1 in Conjurations
  8889 | D:8      | Learned a level 2 spell: Slow
  8942 | D:8      | Noticed Grum
  8948 | D:8      | Killed Grum
  8949 | D:8      | Reached skill level 8 in Stealth
  9303 | D:8      | Noticed Erica
  9409 | D:8      | Killed Erica
  9410 | D:8      | Reached skill level 1 in Throwing
  9469 | D:8      | Found a shimmering altar of Xom.
  9607 | D:9      | Noticed a two-headed ogre
  9733 | D:9      | Killed a two-headed ogre
  9734 | D:9      | Reached XP level 10. HP: 73/73 MP: 8/20
  9854 | D:9      | Noticed a two-headed ogre
  9868 | D:9      | Killed a two-headed ogre
  9869 | D:9      | Reached skill level 9 in Stealth
 10144 | D:9      | Found Fosuwnav's Antique Weapon Boutique.
 10154 | D:9      | Found a staircase to the Orcish Mines.
 10154 | D:9      | Found Zinnalek's Armour Boutique.
 10416 | D:10     | Entered Level 10 of the Dungeon
 10525 | D:10     | Found a runed translucent gate.
 10526 | D:10     | Found a runed translucent gate.
 10526 | D:10     | Found a runed translucent gate.
 10526 | D:10     | Noticed dannygr's ghost (journeyman MiBe)
 10526 | D:10     | Noticed tamionv's ghost (journeyman MfFi)
 10528 | D:10     | Noticed tamionv's ghost (journeyman MiFi)
 10787 | D:10     | Found a staircase to the Lair.
 11468 | D:11     | Noticed a manticore
 11971 | D:11     | Reached skill level 10 in Stealth
 12323 | D:11     | Noticed a two-headed ogre
 12330 | D:11     | Killed a two-headed ogre
 12331 | D:11     | Reached XP level 11. HP: 79/79 MP: 16/21
 12692 | D:11     | Noticed an unseen horror
 12695 | D:11     | Killed an unseen horror
 12944 | D:11     | Noticed a boulder beetle
 12951 | D:11     | Killed a boulder beetle
 13487 | D:12     | Reached skill level 11 in Stealth
 13717 | D:12     | Found a sacrificial altar of Ru.
 14365 | D:4      | Bought the +2 cloak of the Ecumenical Temple {rF++ Dex+3}
                  | for 543 gold pieces
 14586 | D:13     | Found a gate leading to a gauntlet.
 14808 | Gauntlet | Entered a Gauntlet
 14808 | Gauntlet | Found a large runed translucent door.
 14808 | Gauntlet | Found a large runed translucent door.
 14808 | Gauntlet | Found a large runed translucent door.
 14808 | Gauntlet | Found a large runed translucent door.
 14808 | Gauntlet | Found a large runed translucent door.
 14808 | Gauntlet | Found a large runed translucent door.
 14808 | Gauntlet | Found a large runed translucent door.
 14808 | Gauntlet | Found a large runed translucent door.
 14808 | Gauntlet | Found a runed translucent door.
 14808 | Gauntlet | Found a runed translucent gate.
 14808 | Gauntlet | Found a transporter.
 14808 | Gauntlet | Found a transporter.
 14808 | Gauntlet | Found a runed translucent gate.
 14808 | Gauntlet | Found a transporter.
 14808 | Gauntlet | Found a transporter.
 14808 | Gauntlet | Noticed a wretched star
 14812 | Gauntlet | Found a runed translucent gate.
 14812 | Gauntlet | Found a runed translucent door.
 14818 | Gauntlet | Found a large runed translucent door.
 14818 | Gauntlet | Found a large runed translucent door.
 14819 | Gauntlet | Found a large runed translucent door.
 14820 | Gauntlet | Found a large runed translucent door.
 14824 | Gauntlet | Found a transporter.
 14829 | Gauntlet | Found a large runed translucent door.
 14829 | Gauntlet | Found a large runed translucent door.
 14831 | Gauntlet | Found a transporter.
 14843 | Gauntlet | Found a transporter.
 14865 | Gauntlet | Found a transporter.
 14883 | Gauntlet | Found a transporter.
 14891 | Gauntlet | Found a transporter.
 14891 | Gauntlet | Noticed a death ooze
 14914 | Gauntlet | Found a large runed translucent door.
 14914 | Gauntlet | Found a large runed translucent door.
 14950 | Gauntlet | Found a transporter.
 14962 | Gauntlet | Found a transporter.
 15280 | Gauntlet | Killed a death ooze
 15281 | Gauntlet | Reached skill level 12 in Stealth
 15292 | Gauntlet | Noticed a death ooze
 15675 | Gauntlet | Noticed a minotaur
 15686 | Gauntlet | Found the +2 hat of the Bear Spirit {Spirit, +Rage rN+
                  | Will++}
 15746 | Gauntlet | Killed a minotaur
 16024 | Gauntlet | Identified the Papyrus of Changing and Companions
 16027 | Gauntlet | Identified the Collected Works on the Voyage and Battle
                  | Magic
 16040 | Gauntlet | Identified the cursed +0 trident of Anxiety {vorpal, SInv}
                  | (You found it in a Gauntlet)
 16172 | D:13     | Reached XP level 12. HP: 71/88 MP: 18/22
 16321 | D:13     | Noticed a boulder beetle
 16333 | D:13     | Killed a boulder beetle
 16725 | D:14     | Reached skill level 5 in Dodging
 16890 | D:14     | Reached skill level 10 in Hexes
 16998 | D:14     | Reached skill level 13 in Stealth
 17024 | D:14     | Noticed Agnes
 17082 | D:14     | Noticed a five-headed hydra
 17199 | D:9      | Bought a +2 buckler of protection for 301 gold pieces
 17207 | Orc:1    | Entered Level 1 of the Orcish Mines
 17364 | Orc:2    | Entered Level 2 of the Orcish Mines
 17364 | Orc:2    | Noticed a stone giant
 17438 | Lair:1   | Entered Level 1 of the Lair of Beasts
 17452 | Lair:1   | Noticed an eight-headed hydra
 17460 | Lair:1   | Learned a level 5 spell: Irradiate
 17467 | Lair:1   | Killed an eight-headed hydra
 17504 | Lair:1   | Noticed a six-headed hydra
 17537 | D:10     | Killed a six-headed hydra
 17538 | D:10     | Reached skill level 1 in Shields
 17803 | Lair:1   | Found a large runed translucent door.
 17803 | Lair:1   | Found a large runed translucent door.
 17807 | Lair:1   | Noticed Zomocvol's ghost (journeyman HOBe)
 17865 | Lair:1   | Killed Zomocvol's ghost
 18480 | Lair:2   | Identified a scroll of acquirement
 18480 | Lair:2   | Acquired the amulet of Exhibitionism {Acrobat *Drain rN+++
                  | Int+4 Dex-3}
 18548 | Lair:2   | You fall into a shaft and drop 2 floors!
 19023 | Lair:2   | Noticed Fannar
 19048 | Lair:2   | Found a dark tunnel.
 19053 | Volcano  | Entered a volcano
 19455 | Volcano  | Found a burning altar of Makhleb.
 19455 | Volcano  | Noticed an ogre mage
 19460 | Volcano  | Reached XP level 13. HP: 93/94 MP: 20/23
 19622 | Lair:2   | Learned a level 1 spell: Apportation
 19640 | Lair:2   | Killed Fannar
 19891 | Lair:4   | Reached skill level 14 in Stealth
 19924 | Lair:4   | Noticed Urug
 19929 | Lair:4   | Killed Urug
 20248 | Lair:3   | Found a staircase to the Shoals.
 20383 | Lair:3   | Found a hole to the Spider Nest.
 21185 | Lair:4   | Reached skill level 10 in Short Blades
 21941 | Lair:5   | Identified the +5 rapier of the Little People {freeze,
                  | Str+2} (You found it on level 5 of the Lair of Beasts)
 22154 | Lair:5   | You fall into a shaft and drop 1 floor!
 22154 | Lair:6   | Entered Level 6 of the Lair of Beasts
 22189 | Lair:6   | Found a viscous altar of Jiyva.
 22189 | Lair:6   | Found a staircase to the Slime Pits.
 22762 | Lair:5   | You fall into a shaft and drop 1 floor!
 23039 | Lair:5   | Reached skill level 5 in Conjurations
 23573 | Lair:6   | Reached XP level 14. HP: 95/102 MP: 18/24
 24712 | Lair:6   | Noticed Josephine
 24941 | Orc:1    | Reached skill level 5 in Spellcasting
 25097 | Orc:1    | Reached skill level 1 in Transmutations
 26179 | Orc:1    | Found a roughly hewn altar of Beogh.
 26284 | Orc:1    | Reached skill level 15 in Stealth
 27489 | D:9      | Bought a +0 pair of boots of running for 441 gold pieces
 27605 | Spider:1 | Entered Level 1 of the Spider Nest
 27608 | Spider:1 | Noticed Frances
 27667 | Spider:1 | Killed Frances
 27893 | Spider:1 | Identified the ring of Xiesh {rPois Str+2} (You found it on
                  | level 1 of the Spider Nest)
 27983 | Spider:1 | HP: 4/103 [jumping spider (16)]
 27984 | Spider:1 | Slain by a jumping spider

Illustrated notes

Levels and vault maps discovered:
D:1:      roderic_dead_forest, layout_loops_ring
D:2:      layout_loops_cross, old_standard_altar, elyvilon_altar_1,
          nicolae_overflow_hidden_temple, guppyfry_early_lair_pool
D:3:      layout_loops_corners, old_standard_altar, lemuel_crystal_altar
D:4:      layout_rooms, grunt_temple_overflow_order_and_chaos_2,
          fedhas_bush_and_centaur_altar, serial_shops, nicolae_shop_stone
D:5:      layout_basic, nemelex_xobeh_ov_fountains_minmay, temple_pool_b,
          uniq_blork_the_orc
D:6:      wander_river, layout_rooms, serial_co_window_serial,
          co_window_of_opportunity_a, co_window_cross_1, co_window_paths_b,
          co_window_paths_a, co_window_paths_b, co_window_corner_b,
          co_window_corner_b, co_window_corner_b, co_window_corner_cb,
          co_window_sun, co_window_4corner_b, glass_columns_a, glass_columns_a,
          glass_columns_a, glass_columns_a, minmay_fountain_box, uniq_maggie,
          uniq_grinder
D:7:      layout_basic, gup_ossuary_entry_pyramid
D:8:      layout_rooms, overflow_temple_1_default, grunt_ministairs_8,
          corexii_leaking_fountain, uniq_erica, uniq_grum
D:9:      layout_rooms, orc_david_3, serial_shops, kennysheep_mini_moat,
          chequers_serial_rivers_micro_b
D:10:     layout_layer_cave, lair_entry_dummy, serial_glass, glass_columns_b,
          glass_columns_c, minmay_strange_pillars, minmay_strange_pillars,
          item_on_display_a, item_on_display_a, gammafunk_ghost_cemetery
D:11:     layout_long_grid, bh_circular_ruins
D:12:     layout_roguey, basic_altar
D:13:     layout_rooms, gauntlet_entry_generic
D:14:     cheibrodos_ideogram_h, layout_loops_ring,
          lightli_vaults_fourway_checkpoint, okawaru_ov_weapons_minmay,
          uniq_agnes
Lair:1:   layout_regular_city, ebering_ghost_disaster_area
Lair:2:   cheibrodos_lair_overgrown_chateau, layout_loops_ring,
          nicolae_volcano_entry_s_turn, lemuel_fruit_fields,
          serial_bayou_shore_b, uniq_fannar
Lair:3:   layout_chaotic_city, minmay_shoals_entry_centaurs,
          nicolae_spider_entry_orb_guardian, minivault_26
Lair:4:   layout_regular_city, portal_ice_cave_entry_animals_and_master,
          kennysheep_abandoned_house, uniq_urug
Lair:5:   layout_cellular_growth, infiniplex_staircase_pool
Lair:6:   hangedman_lair_tendril_chambers, layout_gridlike, slime_altar_1,
          serial_rivers, chequers_serial_rivers_small_3,
          chequers_serial_rivers_large_b, chequers_serial_rivers_large_a,
          chequers_serial_rivers_small_a, chequers_serial_rivers_marsh,
          chequers_serial_rivers_micro_c, uniq_josephine
Spider:1: layout_spider_delve, uniq_frances
Orc:1:    layout_diamond_mine, basic_altar, special_room [special_room_bee]
Orc:2:    grunt_orc_cross, layout_diamond_mine, kennysheep_orc_chapel

Skill      XL: |  1  2  3  4  5  6  7  8  9 10 11 12 13 14 |
---------------+-------------------------------------------+-----
Hexes          | 3 4 5 6 8 9 10 11 12 | 12.0
Dodging        | 2 3 4 5 6 |  6.0
Short Blades   | 1 2 3 4 6 7 8 9 10 11 | 11.0
Stealth        | 3 4 5 6 7 8 10 12 13 14 15 | 15.1
Spellcasting   | 2 3 4 5 |  5.4
Ice Magic      | 1 2 3 4 |  4.0
Fighting       | 1 2 3 |  3.9
Conjurations   | 2 3 5 6 |  6.0
Throwing       | 1 |  1.7
Shields        | 1 4 |  4.3
Transmutations | 2 |  2.7
Evocations     | |  0.9

Action                   |  1- 3 |  4- 6 |  7- 9 | 10-12 | 13-15 || total
-------------------------+-------+-------+-------+-------+-------++-------
Melee: Dagger            |    94 |   153 |   281 |   591 |   579 ||  1698
       Rapier            |       |       |       |       |   134 ||   134
Throw: Dart              |       |     3 |    18 |     6 |    12 ||    39
 Cast: Corona            |     1 |       |     4 |     5 |     1 ||    11
       Ensorcelled Hiber |    20 |    63 |    61 |   121 |   238 ||   503
       Confusing Touch   |       |     4 |    34 |    64 |    54 ||   156
       Slow              |       |       |     4 |     4 |     4 ||    12
       Tukima's Dance    |       |       |     3 |     7 |       ||    10
       Dazzling Flash    |       |       |       |     4 |    11 ||    15
 Abil: Stop Flying       |       |       |       |       |     1 ||     1
Evoke: Wand              |       |       |       |     4 |       ||     4
  Use: Scroll            |       |     5 |     6 |    15 |     4 ||    30
       Potion            |       |       |     7 |     5 |     3 ||    15
 Stab: Sleeping          |    18 |    56 |    46 |   117 |   190 ||   427
       Confused          |       |     2 |    33 |    73 |    57 ||   165
       Distracted        |       |       |     1 |     2 |     2 ||     5
       Invisible         |       |       |       |     4 |    16 ||    20
       Fleeing           |       |       |       |     1 |       ||     1
Armor: Robe              |    22 |    20 |       |       |       ||    42
       Steam dragon scal |       |       |    40 |   117 |   155 ||   312
Dodge: Dodged            |    63 |    91 |   193 |   307 |   454 ||  1108
Block: Buckler           |       |       |       |    31 |   261 ||   292
